 Dungeon Crawl Stone Soup version 0.25-b1-46-gb8a1ec05df (webtiles) character file.

Game seed: 14996547945022279999

70 GenChuck the Conjurer (level 3, -2/26 HPs)
             Began as a Demigod Conjurer on June 8, 2020.
             Slain by a gnoll (5 damage)
             ... on level 1 of the Dungeon on June 10, 2020.
             The game lasted 00:08:45 (1370 turns).

GenChuck the Conjurer (Demigod Conjurer)            Turns: 1370, Time: 00:08:46

Health: -2/26      AC:  6    Str: 11    XL:     3   Next: 77%
Magic:  0/8        EV: 13    Int: 21    God:
Gold:   66         SH:  0    Dex: 16    Spells: 3/6 levels left

rFire    . . .     SeeInvis .   l - +1 dagger (elec)
rCold    . . .     Gourm    .   (no shield)
rNeg     . . .     Faith    .   a - +0 robe
rPois    .         Spirit   .   (no helmet)
rElec    .         Reflect  .   (no cloak)
rCorr    .         Harm     .   (no gloves)
MR       .....                  (no boots)
Stlth    ++........             (no amulet)
HPRegen  0.08/turn              f - +4 ring of protection
MPRegen  0.11/turn              k - ring of wizardry

@: no status effects
A: high mp 1
a: no special abilities


You were on level 1 of the Dungeon.
You were not hungry.

You visited 1 branch of the dungeon, and saw 2 of its levels.

You collected 66 gold pieces.

Inventory:

Hand Weapons
 l - a +1 dagger of electrocution (weapon)
Missiles
 n - 8 atropa-tipped darts (quivered)
Armour
 a - a +0 robe (worn)
Jewellery
 d - an uncursed ring of protection from cold
 f - a +4 ring of protection (left hand)
 k - a ring of wizardry (right hand)
Scrolls
 e - 2 scrolls of remove curse
 i - a scroll of identify
 m - a scroll of teleportation {unknown}
Potions
 g - a potion of invisibility {unknown}
 h - a potion of brilliance {unknown}
 j - a potion of ambrosia {unknown}
Comestibles
 c - 2 rations


   Skills:
 + Level 2.1 Dodging
 - Level 1.7 Stealth
 + Level 2.0 Spellcasting
 * Level 4.9 Conjurations


You had 3 spell levels left.
You knew the following spells:

 Your Spells              Type           Power        Failure   Level  Hunger
a - Magic Dart            Conj           ###.         1%          1    #......
b - Searing Ray           Conj           ###...       1%          2    ##.....

Your spell library contained the following spells:

 Spells                   Type           Power        Failure   Level  Hunger
 Dazzling Flash           Conj/Hex       ##....       6%          3    ###....
 Fulminant Prism          Conj/Hex       ##........   21%         4    #####..
 Iskenderun's Mystic Bla  Conj/Tloc      ##......     21%         4    #####..


Dungeon Overview and Level Annotations

Branches:
Dungeon (2/15)


Innate Abilities, Weirdness & Mutations

You have an increased reservoir of magic. (+10% MP)


Message History

Press: ? - help, Shift-Dir - straight line, f/p - gnoll
Aim: a gnoll (moderately wounded)
The magic dart hits the gnoll but does no damage.
The gnoll is moderately wounded.
The gnoll hits you.
* * * LOW HITPOINT WARNING * * *
The gnoll hits you.
* * * LOW HITPOINT WARNING * * *
You climb upwards.
There is a stone staircase leading down here.
Casting: Magic Dart (safe; 1% risk of failure)
Confirm with . or Enter, or press ? or * to list all spells.
Aiming: Searing Ray (safe; 1% risk of failure)
Press: ? - help, Shift-Dir - straight line, f - gnoll
Aim: a gnoll (moderately wounded)
The searing ray hits the gnoll!
The gnoll is severely wounded. (Press . to maintain the ray.)
The gnoll hits you.
You die...

#........÷.####.)#....###
#######..#..>...#####..[###
##...###.............
##...##.#.###.##....
########..##.#.##........
#......#..##.#.........≈.
#......#..##.......#...≈.
#......#..##.#..≈...#..≈.
#......#@.##.....≈..#..≈.
#......#)g.#......≈..#.≈.
#..............#...≈.#.≈.
#.(....##..#....##..≈.#.#
#......##..#......##.≈...
#.......(...........#....
#.............≈≈≈≈≈≈...<.
########..............#....
##...##..............##.≈...


You could see a gnoll.

Vanquished Creatures
  3 adders (D:2)
  2 gnolls (D:2)
  2 leopard geckos
  A ball python (D:2)
  2 goblins (D:1)
  3 hobgoblins
  2 bats (D:1)
  6 kobolds (D:1)
  6 rats
27 creatures vanquished.

Notes
Turn   | Place    | Note
-------+----------+-------------------------------------------
     0 | D:1      | GenChuck the Demigod Conjurer began the quest for the Orb.
     0 | D:1      | Reached XP level 1. HP: 14/14 MP: 5/5
   162 | D:1      | Reached skill level 4 in Conjurations
   166 | D:1      | Reached XP level 2. HP: 20/20 MP: 0/7
   286 | D:1      | You fall into a shaft and drop 1 floor!
   528 | D:1      | Learned a level 2 spell: Searing Ray
   738 | D:2      | Reached XP level 3. HP: 26/26 MP: 3/8
   807 | D:2      | Found a stormy altar of Qazlal.
  1361 | D:1      | Upgraded the game from 0.25-b1-41-g19641232cd to
                  | 0.25-b1-46-gb8a1ec05df
  1370 | D:1      | Slain by a gnoll

Illustrated notes

Levels and vault maps discovered:
D:1:      minmay_arrival_radiant_lines, layout_rooms, minmay_pentomino_z4
D:2:      layout_basic, nicolae_qazlal_general_emergency,
          chequers_ecumenical_altar_simple_redux, uniq_sigmund

Skill      XL: |  1  2  3 |
---------------+----------+-----
Conjurations   | 4 |  4.9
Dodging        | 2 |  2.1
Spellcasting   | 2 |  2.0
Stealth        | |  1.7

Action                   || total
-------------------------++-------
 Cast: Magic Dart        ||    53
       Searing Ray       ||     3
  Use: Scroll            ||     2
  Eat: Ration            ||     1
       Chunk             ||     1
Armor: Robe              ||     6
Dodge: Dodged            ||     8
